 Dungeon Crawl Stone Soup version 0.30.1-11-g7821555f0a (webtiles) character file.

Game seed: 17568034256465034064

223 Nonny the Ruffian (level 6, 0/52 HPs)
             Began as a Ghoul Monk on Nov 12, 2023.
             Was an Elder of Lugonu.
             Slain by a black bear (6 damage)
             ... on level 4 of the Dungeon.
             The game lasted 00:12:39 (2510 turns).

Nonny the Ruffian (Ghoul Monk)                      Turns: 2510, Time: 00:12:40

Health: 0/52       AC:  8    Str: 17    XL:     6   Next: 0%
Magic:  5/5        EV: 11    Int:  9    God:    Lugonu [****..]
Gold:   132        SH:  3    Dex: 11    Spells: 5/5 levels left

rFire   . .          .
                       - Unarmed
rCold   + . .        e - +0 buckler
rNeg    + + +        f - +3 ring mail of the Original Sin {Rampage rElec rPois Int+4}
rPois   ∞            (no helmet)
rElec   +            (no cloak)
rCorr   .            (no gloves)
SInv    .            (no boots)
Will    .....        (no amulet)
Stlth   +            (no ring)
HPRegen 0.00/turn    (no ring)
MPRegen 0.09/turn

%: rampage
@: mighty, flying, inhibited regen
A: claws 1, cold resistance 1, negative energy resistance 3, inhibited
regeneration, torment resistance 2, devour on kill
a: Renounce Religion, Depart the Abyss, Banish, Corrupt


You were on level 4 of the Dungeon.
You worshipped Lugonu.
Lugonu was greatly pleased with you.
You visited 1 branch of the dungeon, and saw 4 of its levels.

You collected 132 gold pieces.

Inventory:

Armour
 c - an orb of light
 e - a +0 buckler (worn)
 f - the +3 ring mail of the Original Sin (worn) {Rampage rElec rPois Int+4}
   (You found it on level 2 of the Dungeon)

   Int:       It affects your intelligence (+4).
   rElec:     It insulates you from electricity.
   rPois:     It protects you from poison.
   Rampage:   It bestows one free step when moving towards enemies.
Jewellery
 d - a +6 ring of intelligence
Scrolls
 a - a scroll of enchant weapon {unknown}
 j - 2 scrolls of immolation
 n - a scroll of poison {unknown}
Potions
 g - 2 potions of haste
 i - 4 potions of curing
 l - a potion of heal wounds {unknown}
 m - a potion of brilliance {unknown}


   Skills:
 + Level 4.3 Fighting
 - Level 3.0 Dodging
 + Level 0.9 Shields
 + Level 6.1 Unarmed Combat


You had 5 spell levels left.
You didn't know any spells.
Your spell library contained the following spells:

 Spells                   Type           Power      Damage    Failure   Level
 Apportation              Tloc           0%         N/A       69%         1
 Necrotise                Necr           0%         1d4       69%         1
 Summon Small Mammal      Summ           0%         N/A       69%         1


Dungeon Overview and Level Annotations

Branches:
Dungeon (4/15)
 Temple: D:4-7

Altars:
Ashenzari
Lugonu


Innate Abilities, Weirdness & Mutations

You are immune to poison.
You have sharp fingernails.
Your flesh is cold resistant. (rC+)
You are immune to negative energy. (rN+++)
You do not regenerate when monsters are visible.
You are immune to unholy pain and torment.
You thrive by killing the living.


Message History

The black bear claws you but does no damage.
You claw the black bear!
The black bear is almost dead.
The black bear goes berserk!
You scratch the black bear.
The black bear is almost dead.
The black bear closely misses you. The black bear misses you.
The black bear claws you.
Unknown command.
You barely miss the black bear.
The black bear is almost dead.
You block the black bear's attack.
The black bear claws you but does no damage.
The black bear misses you. The black bear bites you. The black bear claws you.
* * * LOW HITPOINT WARNING * * *
The black bear claws you.
* * * LOW HITPOINT WARNING * * *
You are confused.
You feel invigorated. The black bear closely misses you.
The black bear claws you.
* * * LOW HITPOINT WARNING * * *
The black bear claws you but does no damage.
Unknown command.
It was a potion of curing.
You feel better.
You feel less invigorated. The black bear bites you!
* * * LOW HITPOINT WARNING * * *
The black bear barely misses you. The black bear closely misses you.
The black bear barely misses you.
The black bear claws you but does no damage.
The black bear claws you.
* * * LOW HITPOINT WARNING * * *
It was a potion of flight.
You feel very buoyant.
You fly up into the air.
The black bear closely misses you. The black bear barely misses you.
The black bear claws you.
* * * LOW HITPOINT WARNING * * *
It was a potion of might.
You feel very mighty all of a sudden. The black bear closely misses you.
The black bear claws you.
You die...

....$...#..#
#?.)..#
##...####### ##.##
#... #.####.#.#
#.)....#.#
#.####.#.# ##h##
#.#.# ##.@.###.#.#
# #.....##.#.#.#
......#..##.#.#.#
#####.....##.....#
#<..##...#####.###
#########.#######
#.#
#<..))).........#
#.#
#..######.###...#
#.# #....
#.....#...# #.#


You could see a black bear (berserk).

Vanquished Creatures
  A phantom (D:4)
  An orc priest (D:4)
  An orc wizard (D:4)
  An adder (D:3)
  4 dart slugs
  A worm (D:2)
  3 orcs (D:4)
  8 ball pythons
  A bat (D:2)
  6 endoplasms
  4 giant cockroaches
  6 goblins
  9 hobgoblins
  4 jackals (D:3)
  8 kobolds
  3 quokkas (D:1)
  2 frilled lizards (D:1)
  4 rats
67 creatures vanquished.

Notes
Turn   | Place    | Note
-------+----------+-------------------------------------------
     0 | D:1      | Nonny the Ghoul Monk began the quest for the Orb.
     0 | D:1      | Reached XP level 1. HP: 19/19 MP: 0/0
     6 | D:1      | +6 int ring just right of the start
    70 | D:1      | Reached XP level 2. HP: 15/26 MP: 1/1
    92 | D:1      | Starting vault: the lava rooms; exit to the west.
   294 | D:1      | Found a faded altar of an unknown god.
   310 | D:1      | Prayed at the altar of an unknown god.
   310 | D:1      | Became a worshipper of Lugonu the Unformed
   310 | D:1      | Reached * piety under Lugonu
   310 | D:1      | Reached ** piety under Lugonu
   430 | D:1      | Reached *** piety under Lugonu
   511 | D:1      | Reached XP level 3. HP: 31/33 MP: 2/2
   946 | D:1      | D:2 uphatch not terrible for orbrun, I guess.
   961 | D:2      | +2 leather armor rPois
  1053 | D:2      | Reached skill level 4 in Unarmed Combat
  1271 | D:2      | Reached XP level 4. HP: 40/40 MP: 3/3
  1351 | D:2      | Identified the +3 ring mail of the Original Sin {Rampage
                  | rElec rPois Int+4}
  1620 | D:3      | Found a broken altar of Ashenzari.
  2079 | D:3      | Reached **** piety under Lugonu
  2236 | D:4      | Noticed a scorpion
  2302 | D:4      | Reached skill level 5 in Unarmed Combat
  2310 | D:4      | Reached XP level 5. HP: 9/46 MP: 4/4
  2471 | D:4      | Noticed a black bear
  2472 | D:4      | Noticed a phantom
  2494 | D:4      | Killed a phantom
  2495 | D:4      | Reached skill level 6 in Unarmed Combat
  2499 | D:4      | Reached XP level 6. HP: 36/52 MP: 5/5
  2510 | D:4      | Slain by a black bear

Illustrated notes ###+### ###8+8#8### ##.........## ##...........# #............+# .......<....@8+ #............## ##...........# ##.........## ####8+8#### ##+## Turn 6 on D:1: +6 int ring just right of the start ###§≈≈≈≈≈§### #≈§≈§....§§≈# #..).....§§.# ######'###### ##### ###8'8#8### ##### ##...###.........###..§## #....##...........##..§≈# #....#............'#.§§§# +..........@<.....8(.(§§+ #....#............##..§§# #....##...........##..≈§# ##...###.........###.§§## ##### ####8'8#### ##### ######(###### #.....(.....# #≈≈≈§§...§§≈# ###§≈§≈≈≈≈### Turn 92 on D:1: Starting vault: the lava rooms; exit to the west.

#######.#.#...#.# #..~.≈≈≈≈~~.. #
#..........#.# ###...~~≈≈≈P... #
#............###...#)~~P≈≈P... ##
#..........####..###..P~≈≈~.P. .#
#.........#####.## #..~~≈≈≈P~.
.###.........##....# #..~~~≈≈≈÷.
.#...........#..#### #..~)~~≈~..
...#...........########...~~~~~..
.###########..>.@.....#.#.~P~~...
.# #...######.#...~~≈~... .#
#...# #.##..P≈≈~~.. .#
#...######.###.~~≈≈... ##
#####...........≈≈~~.. #
#...........~~≈≈≈.. #
#............~≈≈~~.
#...........~~≈≈~..
#............~≈≈~~.


Turn 946 on D:1: D:2 uphatch not terrible for orbrun, I guess. ####### #.....#
#.....##### ###.......$.# .............# #######......# #......# #..@...#
#...###+## #...# ..... ...... ....... ...$... Turn 961 on D:2: +2 leather armor
rPois

Levels and vault maps discovered:
D:1:      dpeg_arrival_morbid_curiosity, layout_basic,
          hellmonk_ecumenical_altar_crossroads, chequers_big_river
D:2:      layout_basic, minmay_misc_feat_ornament
D:3:      layout_basic, ashenzari_conservatory_becter,
          chequers_serial_rivers_micro_e
D:4:      minmay_octagon_keep, layout_basic, overflow_temple_1_default,
          hellmonk_okawaru_the_only_friend_you_need, lemuel_temple_firewalk_b,
          nicolae_ossuary_entry_monument

Skill      XL: |  1  2  3  4  5 |
---------------+----------------+-----
Dodging        | 3 |  3.0
Unarmed Combat | 4 5 6 |  6.1
Fighting       | 4 |  4.3
Shields        | |  0.9

Action                     |  1- 3 |  4- 6 || total
---------------------------+-------+-------++-------
  Melee: Unarmed           |   129 |   101 ||   230
    Use: Scroll            |     4 |     4 ||     8
         Potion            |       |     4 ||     4
 Armour: Robe              |     8 |       ||     8
         Ring mail         |     8 |    38 ||    46
  Dodge: Dodged            |    64 |    49 ||   113
  Block: Buckler           |    13 |    11 ||    24
